 Dungeon Crawl Stone Soup version 0.29-a0-902-g0f71de6fce (webtiles) character file.

Game seed: 13645125395435568019

19696 Malachi the Fighter (level 12, -4/144 HPs)
             Began as a Demonspawn Transmuter on July 24, 2022.
             Was a High Priest of Kikubaaqudgha.
             Slain by a molten gargoyle
             ... wielding a +0 morningstar
              (18 damage)
             ... on level 2 of the Lair of Beasts.
             The game lasted 00:35:48 (20405 turns).

Malachi the Fighter (Demonspawn Transmuter)        Turns: 20405, Time: 00:35:49

Health: -4/144     AC: 12    Str: 10    XL:     12   Next: 38%
Magic:  17/21      EV: 10    Int: 32    God:    Kikubaaqudgha [*****.]
Gold:   1329       SH:  0    Dex: 12    Spells: 7/23 levels left

rFire   x . .      SeeInvis .     - Unarmed
rCold   + + +      Faith    .   (shield currently unavailable)
rNeg    . . .      Spirit   .   (body armour currently unavailable)
rPois   +          Reflect  .   (helmet currently unavailable)
rElec   .          Harm     .   (cloak currently unavailable)
rCorr   .          Rampage  .   (gloves currently unavailable)
Will    .....                   (boots currently unavailable)
Stlth   +.........              (no amulet)
HPRegen 0.34/turn               s - +6 ring of intelligence
MPRegen 0.17/turn               K - +6 ring of intelligence

@: ice-form, studying Armour
A: freezing attack, amphibious, boosted hp, large, (horns 1), (slimy green
scales 2), demonic guardian 2, ignite blood 2, robust 2, (talons 1), clumsy 1,
(poison resistance)
a: End Transformation, Renounce Religion, Unearth Wretches, Torment


You were on level 2 of the Lair of Beasts.
You worshipped Kikubaaqudgha.
Kikubaaqudgha was extremely pleased with you.
You were a creature of crystalline ice.
You visited 3 branches of the dungeon, and saw 14 of its levels.
You also visited: Bailey.

You collected 1329 gold pieces.

Inventory:

Hand Weapons
 b - a +2 dagger of venom (melded)
 j - a +0 long sword
Missiles
 F - 4 curare-tipped darts
Armour
 a - a +0 robe (melded)
 i - a +1 cloak (melded)
 w - a +2 hat of intelligence (melded)
Magical Staves
 e - a staff of air
Jewellery
 g - a +4 ring of evasion
 m - a ring of magical power
 s - a +6 ring of intelligence (left front paw)
 t - a ring of ice
 z - a ring of resist corrosion
 D - a ring of magical power
 H - a ring of ice
 I - a ring of protection from cold
 K - a +6 ring of intelligence (right front paw)
 Q - a +4 ring of evasion
Wands
 c - a wand of iceblast (15)
 v - a wand of flame (44)
 y - a wand of charming (29)
 G - a wand of light (13)
Scrolls
 f - 2 scrolls of immolation
 p - 6 scrolls of teleportation
 r - a scroll of silence
 x - 2 scrolls of amnesia
 A - a scroll of fear
 C - a scroll of summoning
 E - a scroll of fog
 J - a scroll of brand weapon
 L - a scroll of torment
 M - 2 scrolls of poison
 P - a scroll of magic mapping
Potions
 d - a potion of might
 h - a potion of attraction
 k - 3 potions of heal wounds
 l - 5 potions of curing
 n - 4 potions of haste {unknown}
 o - 6 potions of flight
 q - 6 potions of brilliance
 u - 3 potions of lignification
 B - a potion of magic {unknown}
 N - 2 potions of degeneration {unknown}
 O - a potion of invisibility {unknown}
Miscellaneous
 R - a condenser vane


   Skills:
 - Level 11.2 Fighting
 - Level 1.7 Dodging
 - Level 10.4 Unarmed Combat
 - Level 6.2 Spellcasting
 + Level 8.6 Transmutations
 - Level 8.0 Ice Magic
 + Level 3.0 Air Magic


You had 7 spell levels left.
You knew the following spells:

 Your Spells              Type           Power      Damage    Failure   Level
a - Beastly Appendage     Tmut           100%       N/A       1%          1
b - Ice Form              Ice/Tmut       58%        N/A       1%          4
c - Storm Form            Tmut/Air       23%        N/A       98%         7
d - Summon Ice Beast      Ice/Summ       35%        N/A       9%          4

Your spell library contained the following spells:

 Spells                   Type           Power      Damage    Failure   Level
 Wereblood                Tmut           60%        N/A       1%          2
 Spider Form              Tmut/Pois      37%        N/A       2%          3
 Necrotise                Necr           36%        1d5       4%          1
 Blink                    Tloc           18%        N/A       7%          2
 Lesser Beckoning         Tloc           9%         N/A       14%         3
 Stone Arrow              Conj/Erth      18%        3d8       14%         3
 Vampiric Draining        Necr           9%         2d6       14%         3
 Summon Lightning Spire   Summ/Air       19%        N/A       24%         4
 Corpse Rot               Necr/Pois/Air  16%        N/A       30%         4
 Anguish                  Hex/Necr       4%         N/A       41%         4
 Animate Armour           Summ/Erth      18%        N/A       41%         4
 Animate Dead             Necr           9%         N/A       41%         4
 Dispel Undead            Necr           9%         3d8       41%         4
 Agony                    Necr           9%         N/A       77%         5
 Borgnjor's Vile Clutch   Necr/Erth      4%         N/A       77%         5
 Manifold Assault         Tloc           9%         N/A       77%         5
 Summon Mana Viper        Hex/Summ       9%         N/A       77%         5
 Death Channel            Necr           4%         N/A       100%        6
 Monstrous Menagerie      Summ           4%         N/A       100%        7
 Lehudib's Crystal Spear  Conj/Erth      4%         10d3      100%        8
 Maxwell's Capacitive Co  Air            14%        ∞         100%        8


Dungeon Overview and Level Annotations

Branches:
Dungeon (11/15)            Temple (1/1) D:4            Lair (2/5) D:11
  Swamp (0/4) Lair:2          Orc (0/2) D:11         Bailey (visited)
  Snake: Lair:2-3    Spider: Lair:2-3

Altars:
Ashenzari
Cheibriados
Dithmenos
Fedhas
Gozag
Hepliaklqana
Kikubaaqudgha
Makhleb
Nemelex Xobeh
Okawaru
Qazlal
Ru
Sif Muna
Trog
Uskayaw
Vehumet
Wu Jian
Xom
Yredelemnul

Shops:
D:5 (   D:8 (

Portals:
Trove: D:10 (show slimy rune of Zot)


Innate Abilities, Weirdness & Mutations

You are a creature of crystalline ice.
You have a powerful freezing melee attack.
You are amphibious.
Your maximum health is increased.
Your armour is entirely melded.
You are incapable of wielding weapons or throwing items.
((You have a pair of small horns on your head.))
((You are mostly covered in slimy green scales. (AC +3)))
A demonic guardian rushes to your aid.
Your demonic aura often causes spilled blood to erupt in flames.
You are very robust. (+20% HP)
((You have sharp toenails.))
You are clumsy. (Dex -2)
((Your system is resistant to poisons. (rPois)))


Message History

A molten gargoyle is nearby!
A molten gargoyle is nearby!
The molten gargoyle blasts magma at you!
The bolt of magma hits you!!
Casting: Ice Form (mildly dangerous; 1% risk of failure)
Press: ? - help, Q - select action, (/) - cycle Dir - look around, f - activate
Okay, then.
Casting: Ice Form (mildly dangerous; 1% risk of failure)
Press: ? - help, Q - select action, (/) - cycle Dir - look around, f - activate You turn into a creature of crystalline ice.
Your +2 dagger of venom melds into your body.
Your +1 cloak melds into your body.
Your +2 hat of intelligence melds into your body.
Your +0 robe melds into your body.
Your +2 dagger of venom stops dripping with poison.
You feel stupid.
The molten gargoyle blasts magma at you!
The bolt of magma hits you! The lava burns you terribly!
You hit the molten gargoyle. You freeze the molten gargoyle.
The molten gargoyle is lightly damaged.
You barely miss the molten gargoyle.
The molten gargoyle is lightly damaged.
The molten gargoyle closely misses you.
You punch the molten gargoyle! You freeze the molten gargoyle.
The molten gargoyle is severely damaged.
The molten gargoyle hits you with a +0 morningstar!!
A demonic guardian appears!
You are engulfed in flames!
The fire burns you terribly!
You hit the molten gargoyle but do no damage.
The molten gargoyle is severely damaged.
The molten gargoyle blasts magma at you!
The bolt of magma hits you!! The lava burns you terribly!
* * * LOW HITPOINT WARNING * * *
You hit the molten gargoyle but do no damage.
The molten gargoyle is severely damaged.
The molten gargoyle hits you with a +0 morningstar!
* * * LOW HITPOINT WARNING * * *
You are engulfed in flames!!
The fire burns you terribly!
You die...
Kikubaaqudgha rasps: "You have failed me!
Welcome... death!"

### ### ###.# ##
#..P#.#.##.# #
#...§9Y4..## ###### ##
#.≈≈≈≈§§...###....## #.
#..≈≈§≈§§..###..##..###.
##.≈#§#≈§...###.##...##P
#. ####§.......##......
#. ##§.......##...... #
§###≈≈...#.#.##.....#
≈§≈≈≈§..###..#....###
........######+..## #


You could see a molten gargoyle (ally target) and a friendly ice devil
(summoned).

Vanquished Creatures
  A boulder beetle (D:11)
  A two-headed ogre (D:7)
  The ghost of Smoky173 the Summoner, a novice MfSu of Yredelemnul (D:10)
  Nergalle (D:11)
  A cyclops (D:7)
  A black mamba (Lair:2)
  Joseph (D:7)
  An ice statue (D:10)
  2 cane toads (Lair:2)
  An unseen horror (D:10)
  Maggie (D:7)
  Psyche (D:10)
  A rime drake (Lair:2)
  A yaktaur (D:10)
  A kobold demonologist (D:7)
  A komodo dragon (D:11)
  Prince Ribbit (D:7)
  5 trolls
  A tyrant leech (Lair:2)
  A hornet (D:10)
  A shadow (D:11)
  4 wyverns
  12 yaks
  3 wraiths (D:10)
  2 steam dragons
  Grum (D:8)
  4 vampire mosquitoes (D:10)
  Edmund (D:4)
  A swamp worm (Lair:2)
  7 water moccasins
  2 black bears
  9 orc warriors
  4 ice beasts
  2 sky beasts
  3 wolves (D:8)
  2 ogres (D:4)
  11 centaurs
  A phantom (D:6)
  3 kobold brigands
  14 bullfrogs
  3 gnoll sergeants
  6 scorpions
  12 wights
  12 killer bees
  2 howler monkeys (D:8)
  A lava snake (Lair:1)
  A hound (D:5)
  5 orc priests
  A jelly (D:7)
  An iguana (D:6)
  Ijyb (D:5)
  9 orc wizards
  11 gnolls
  8 adders
  2 shadow imps
  A white imp (D:7)
  3 ufetubi
  A worm (D:3)
  6 dart slugs
  19 orcs
  6 bats
  8 endoplasms
  3 giant cockroaches
  11 goblins
  10 hobgoblins
  2 jackals (D:5)
  2 quokkas
  5 ball pythons
  3 frilled lizards
  36 kobolds
  7 rats
310 creatures vanquished.

Vanquished Creatures (collateral kills)
  A tyrant leech (Lair:2)
  A vampire mosquito (D:10)
  A gnoll sergeant (D:10)
  An orc priest (D:10)
  An orc wizard (D:10)
  3 gnolls
  An orc (D:10)
9 creatures vanquished.

Vanquished Creatures (others)
  A fire vortex (Lair:1)
  28 fungi
  38 plants
67 creatures vanquished.

Grand Total: 386 creatures vanquished

Notes
Turn   | Place    | Note
-------+----------+-------------------------------------------
     0 | D:1      | Malachi the Demonspawn Transmuter began the quest for the
                  | Orb.
     0 | D:1      | Reached XP level 1. HP: 15/15 MP: 3/3
   255 | D:1      | Gained mutation: Your demonic aura sometimes causes spilled
                  | blood to erupt in flames. [demonic ancestry]
   255 | D:1      | Reached XP level 2. HP: 21/21 MP: 3/5
   764 | D:1      | Gained mutation: Your demonic aura often causes spilled
                  | blood to erupt in flames. [demonic ancestry]
   764 | D:1      | Reached XP level 3. HP: 21/26 MP: 4/6
  1100 | D:2      | Reached skill level 1 in Ice Magic
  2643 | D:2      | Gained mutation: You occasionally lose the ability to read
                  | scrolls when taking damage. [potion of mutation]
  2643 | D:2      | Gained mutation: You are agile. (Dex +4, Str/Int -1)
                  | [potion of mutation]
  2647 | D:2      | Mutation became permanent: You have a pair of small horns
                  | on your head. [demonic ancestry]
  2647 | D:2      | Gained mutation: You have a pair of horns on your head.
                  | [demonic ancestry]
  2647 | D:2      | Reached XP level 4. HP: 26/32 MP: 8/8
  3446 | D:3      | Found an ornate altar of the Wu Jian Council.
  3507 | D:3      | Found a shimmering blue altar of Sif Muna.
  3591 | D:3      | Found a faded altar of an unknown god.
  4073 | D:3      | Learned a level 4 spell: Ice Form
  4127 | D:3      | Identified a scroll of acquirement
  4127 | D:3      | Acquired 287 gold pieces
  4173 | D:3      | Reached skill level 5 in Ice Magic
  4173 | D:3      | Gained mutation: You are partially covered in slimy green
                  | scales. (AC +2) [demonic ancestry]
  4173 | D:3      | Reached XP level 5. HP: 37/37 MP: 9/13
  4206 | D:4      | Found a transporter.
  4233 | D:4      | Noticed an ogre
  4240 | D:4      | Killed an ogre
  4241 | D:4      | Gained mutation: You are mostly covered in slimy green
                  | scales. (AC +3) [demonic ancestry]
  4241 | D:4      | Reached XP level 6. HP: 19/43 MP: 10/15
  4536 | D:4      | Found a staircase to the Ecumenical Temple.
  4537 | D:4      | Noticed an ice beast
  4554 | D:4      | Killed an ice beast
  4563 | Temple   | Entered the Ecumenical Temple
  4796 | Temple   | Became a worshipper of Kikubaaqudgha
  4993 | D:4      | Noticed Edmund
  5003 | D:4      | Killed Edmund
  5004 | D:4      | Gained mutation: A weak demonic guardian rushes to your
                  | aid. [demonic ancestry]
  5004 | D:4      | Reached XP level 7. HP: 38/48 MP: 12/16
  5224 | D:4      | Found a shadowy altar of Dithmenos.
  5231 | D:4      | Found a blossoming altar of Fedhas.
  5535 | D:4      | Found a transporter.
  6353 | D:5      | Entered Level 5 of the Dungeon
  6391 | D:5      | Identified the +6 hand axe "Lehij" {antimagic, Drain rN+
                  | Dex+6}
  6420 | D:5      | Noticed Ijyb
  6428 | D:5      | Killed Ijyb
  7103 | D:5      | Identified the +2 leather armour "Nuisch" {rN+}
  7140 | D:5      | Noticed a troll
  7143 | D:5      | Killed a troll
  7144 | D:5      | Gained mutation: You are robust. (+10% HP) [demonic
                  | ancestry]
  7144 | D:5      | Reached XP level 8. HP: 35/59 MP: 17/17
  7737 | D:5      | Found Lirugg's Weapon Shop.
  7871 | D:5      | Reached * piety under Kikubaaqudgha
  7871 | D:5      | Received a gift from Kikubaaqudgha
  8354 | D:6      | Reached skill level 2 in Fighting
  8596 | D:6      | Reached skill level 3 in Fighting
  9126 | D:7      | Noticed a cyclops
  9126 | D:7      | Noticed Maggie
  9129 | D:7      | Noticed Prince Ribbit
  9132 | D:7      | Reached XP level 9. HP: 70/70 MP: 18/18
  9398 | D:7      | Lost mutation: You occasionally lose the ability to read
                  | scrolls when taking damage. [potion of mutation]
  9398 | D:7      | Lost mutation: You are agile. (Dex +4, Str/Int -1) [potion
                  | of mutation]
  9398 | D:7      | Gained mutation: You are clumsy. (Dex -2) [potion of
                  | mutation]
  9398 | D:7      | Gained mutation: Your system is resistant to poisons.
                  | (rPois) [potion of mutation]
  9398 | D:7      | Gained mutation: You have sharp toenails. [potion of
                  | mutation]
  9549 | D:7      | Killed Maggie
  9550 | D:7      | Reached skill level 4 in Fighting
  9779 | D:7      | Noticed a kobold demonologist
  9786 | D:7      | Noticed a red devil
  9789 | D:7      | Killed a kobold demonologist
  9832 | D:7      | Killed Prince Ribbit
  9833 | D:7      | Reached skill level 5 in Fighting
  9833 | D:7      | Reached skill level 5 in Unarmed Combat
  9954 | D:7      | Noticed a two-headed ogre
  9970 | D:7      | Killed a two-headed ogre
 10244 | D:7      | Noticed Joseph
 10255 | D:7      | Killed Joseph
 10256 | D:7      | Reached skill level 6 in Fighting
 10256 | D:7      | Gained mutation: A demonic guardian rushes to your aid.
                  | [demonic ancestry]
 10256 | D:7      | Reached XP level 10. HP: 65/83 MP: 15/19
 10392 | D:7      | Killed a cyclops
 10795 | D:8      | Reached ** piety under Kikubaaqudgha
 10812 | D:8      | Found Ameluim's Weapon Boutique.
 10889 | D:8      | Reached skill level 7 in Fighting
 10984 | D:8      | Noticed Grum
 11005 | D:8      | Killed Grum
 11215 | D:8      | Found a flagged portal.
 11226 | Bailey   | Entered a bailey
 12413 | D:9      | Reached *** piety under Kikubaaqudgha
 12413 | D:9      | Received a gift from Kikubaaqudgha
 12741 | D:9      | Reached skill level 8 in Fighting
 12768 | D:9      | Identified the +1 scale mail of the Snake Pit {Str+2 Int+6}
 12945 | D:9      | Reached XP level 11. HP: 74/94 MP: 20/20
 13437 | D:10     | Entered Level 10 of the Dungeon
 13865 | D:10     | Reached **** piety under Kikubaaqudgha
 14125 | D:10     | Reached skill level 9 in Fighting
 14224 | D:10     | Noticed Psyche
 14234 | D:10     | Killed Psyche
 14322 | D:10     | Found a transporter.
 14325 | D:10     | Noticed Smoky173's ghost (novice MfSu)
 14345 | D:10     | Found a transporter.
 14554 | D:10     | Killed Smoky173's ghost
 14607 | D:10     | Reached skill level 10 in Fighting
 15124 | D:10     | Found a broken altar of Ashenzari.
 15279 | D:10     | Found a portal to a secret trove of treasure.
 15340 | D:10     | Found a sparkling altar of Nemelex Xobeh.
 15604 | D:11     | Reached ***** piety under Kikubaaqudgha
 15682 | D:11     | Found a staircase to the Lair.
 16315 | D:11     | Noticed a boulder beetle
 16403 | Lair:1   | Entered Level 1 of the Lair of Beasts
 17543 | D:11     | Reached skill level 10 in Unarmed Combat
 17577 | D:11     | Killed a boulder beetle
 17578 | D:11     | Gained mutation: You are very robust. (+20% HP) [demonic
                  | ancestry]
 17578 | D:11     | Reached XP level 12. HP: 47/118 MP: 21/21
 17861 | D:11     | Noticed Nergalle
 17869 | D:11     | Killed Nergalle
 17870 | D:11     | Reached skill level 11 in Fighting
 17889 | D:11     | Learned a level 7 spell: Storm Form
 17957 | D:11     | Found a staircase to the Orcish Mines.
 18789 | Lair:2   | Reached skill level 1 in Air Magic
 18794 | Lair:2   | Learned a level 4 spell: Summon Ice Beast
 19374 | Lair:2   | Found a staircase to the Swamp.
 20405 | Lair:2   | Slain by a molten gargoyle

Illustrated notes

Levels and vault maps discovered:
D:1:      dpeg_arrival_pits, layout_loops_ring
D:2:      layout_loops_ring, kennysheep_pointless_box
D:3:      layout_basic, lemuel_doored_altar, mainiacjoe_overflow_catwalk,
          ebering_ecumenical_altar_abandoned
D:4:      gammafunk_wand_slinger, layout_loops_cross,
          mainiacjoe_overflow_big_doors, minmay_temple_entry_wispy,
          nrook_campfire, kennysheep_generic_room_5, uniq_edmund
D:5:      layout_loops_corners, serial_shops, nicolae_shop_bloodbath_and_beyond,
          uniq_ijyb
D:6:      layout_basic
D:7:      layout_rooms, minmay_manual_mail, uniq_joseph, uniq_prince_ribbit1,
          uniq_maggie
D:8:      layout_loops_cross, serial_shops, shop, enter_bailey_3,
          minmay_hedge_maze, uniq_grum
D:9:      layout_loops_ring
D:10:     layout_gridville, nemelex_spade_bored_becter, kennysheep_mini_moat,
          mainiacjoe_overflow_surrounded_room, nzn_ghost_randoct,
          nicolae_trove_entry_isolated, uniq_psyche
D:11:     layout_grid_maze, due_lair_maze_entry_diamond, orc_0_dummy,
          uniq_nergalle
Temple:   bh_familiar_temple
Lair:1:   layout_gridlike, st_stairs_6, nicolae_quartered_pool_super
Lair:2:   layout_gridlike, minmay_swamp_entry_worms, grunt_megastairs_2

Skill      XL: |  1  2  3  4  5  6  7  8  9 10 11 12 |
---------------+-------------------------------------+-----
Transmutations | 2 8 |  8.6
Ice Magic      | 1 5 6 7 8 |  8.0
Spellcasting   | 3 6 |  6.2
Fighting       | 3 6 8 10 11 | 11.2
Unarmed Combat | 3 5 7 10 | 10.4
Air Magic      | 3 |  3.0
Dodging        | |  1.7

Action                   |  1- 3 |  4- 6 |  7- 9 | 10-12 || total
-------------------------+-------+-------+-------+-------++-------
Melee: Unarmed           |    79 |    53 |   209 |   519 ||   860
       Kick              |    13 |    12 |       |       ||    25
       Headbutt          |    16 |    10 |       |       ||    26
       Punch             |     2 |     2 |       |       ||     4
       Staff             |     5 |       |       |       ||     5
       Long sword        |    20 |       |       |       ||    20
       Dagger            |       |    32 |     2 |     2 ||    36
 Cast: Beastly Appendage |    28 |    12 |     1 |       ||    41
       Ice Form          |       |     3 |    34 |    57 ||    94
       Summon Ice Beast  |       |       |       |     1 ||     1
Evoke: Wand              |       |       |     6 |     4 ||    10
  Use: Potion            |     4 |     4 |     2 |     3 ||    13
       Scroll            |       |     3 |     6 |    11 ||    20
 Stab: Sleeping          |       |     4 |       |       ||     4
Armor: Robe              |    18 |    10 |       |     1 ||    29
       Skin              |     6 |     5 |    77 |   299 ||   387
Dodge: Dodged            |    68 |    35 |   148 |   264 ||   515

Table legend: (Time is in decaauts)
 A = Elapsed time spent in this place.
 B = Non-inter-level travel time spent in this place.
 C = Inter-level travel time spent in this place.
 D = Time resting spent in this place.
 E = Time spent auto-exploring this place.
 F = Levels seen in this place.
 G = Mean time per level.
                   A        B        C        D        E       F      G
               +--------+--------+--------+--------+--------+-----+--------+
         Total |  20324 |  19828 |    496 |   5778 |  11012 |  15 | 1354.9 |
       Dungeon |  16828 |  16396 |    432 |   4514 |   9357 |  11 | 1529.8 |
        Temple |    247 |    207 |     40 |      0 |    200 |   1 |  247.0 |
          Lair |   2789 |   2765 |     24 |   1042 |   1455 |   2 | 1394.5 |
        Bailey |    459 |    459 |      0 |    222 |      0 |   1 |  459.0 |
               +--------+--------+--------+--------+--------+-----+--------+

Top non-repeatable levels by time:
     D:4: 2233 daAuts
    D:10: 2129 daAuts
    D:11: 2011 daAuts
     D:2: 1698 daAuts
     D:5: 1650 daAuts
  Lair:1: 1451 daAuts
     D:7: 1406 daAuts
  Lair:2: 1338 daAuts
     D:3: 1333 daAuts
     D:1: 1170 daAuts
     D:8: 1161 daAuts
     D:9: 1084 daAuts
     D:6: 949 daAuts
  Bailey: 459 daAuts
  Temple: 247 daAuts
